 Dungeon Crawl Stone Soup version 0.20-a0-1127-g1289703 (webtiles) character file.

252 Leszczynek the Chopper (level 5, -2/41 HPs)
             Began as a Demigod Wanderer on May 18, 2017.
             Killed by divine providence
             ... invoked by an orc priest
              (11 damage)
             ... on level 4 of the Dungeon.
             The game lasted 00:08:37 (1475 turns).

Leszczynek the Chopper (Demigod Wanderer)           Turns: 1475, Time: 00:08:38

Health: -2/41      AC: 10    Str: 17    XL:     5   Next: 58%
Magic:  8/8        EV:  6    Int: 22    God:
Gold:   112        SH:  4    Dex: 14    Spells: 4/4 levels left

rFire    . . .     SeeInvis .   a - +0 broad axe
rCold    + . .     Gourm    .   C - +0 buckler
rNeg     . . .     Faith    .   t - +1 chain mail {rC+}
rPois    .         Spirit   .   (no helmet)
rElec    .         Reflect  .   (no cloak)
rCorr    .         Harm     .   H - +0 pair of gloves (curse)
MR       .....                  (no boots)
Stlth    ..........             p - amulet of rage
Regen    0.2/turn               q - ring of stealth
MPRegen  0.2/turn               (no ring)

@: brilliant
A: high mp 1
a: Evoke Berserk Rage


You were on level 4 of the Dungeon.
You were not hungry.

You visited 1 branch of the dungeon, and saw 4 of its levels.

You collected 112 gold pieces.

Inventory:

Hand Weapons
 a - a +0 broad axe (weapon)
 w - a +0 blowgun
Missiles
 j - 4 needles of paralysis
 n - 6 javelins (quivered)
Armour
 c - a +0 ring mail
 t - a +1 chain mail of cold resistance (worn)
 C - a +0 buckler (worn)
 H - a cursed +0 pair of gloves (worn)
Jewellery
 p - an amulet of rage (around neck)
 q - a ring of stealth (left hand)
 D - an uncursed ring of fire
Wands
 A - a wand of flame (22/48)
 B - a wand of digging (16/24)
Scrolls
 b - 3 scrolls of teleportation
 e - 3 scrolls of remove curse {unknown}
 h - 2 scrolls of blinking {unknown}
 m - a scroll of magic mapping {unknown}
 r - a scroll of enchant armour {unknown}
 u - a scroll of fog {unknown}
 x - a scroll of identify {unknown}
 y - a scroll of recharging {unknown}
 z - a scroll of immolation {unknown}
 F - a scroll of fear {unknown}
 G - a scroll of enchant weapon {unknown}
Potions
 i - 3 potions of brilliance
 o - a potion of agility {unknown}
 s - a potion of flight {unknown}
 E - a potion of haste {unknown}
Comestibles
 d - 2 bread rations
 f - 3 meat rations
 g - 4 chunks of flesh
 k - 4 royal jellies
 v - 4 fruits


   Skills:
 - Level 1.7 Fighting
 * Level 3.9(4.4) Axes
   Level 3.0(4.0) Polearms
 - Level 1.7 Armour
 - Level 1.0 Dodging
 - Level 1.7 Stealth
 + Level 1.9 Shields
 - Level 1.0 Evocations


You had 4 spell levels left.
You didn't know any spells.

Dungeon Overview and Level Annotations

Branches:
Dungeon (4/15)
 Temple: D:4-7

Annotations:
D:4 some big vault here


Innate Abilities, Weirdness & Mutations

You have an increased reservoir of magic. (+10% MP)


Message History

Your chain mail prevents you from hitting the orc priest.
The orc priest mumbles some strange prayers to Beogh against you.
Pain shoots through your body!
You closely miss the orc priest.
The orc priest invokes the aid of Beogh against you.
Beogh smites you!
The orc priest hits you but does no damage.
You hit the orc priest but do no damage.
The orc priest mumbles some strange prayers to Beogh against you.
Beogh smites you!
* * * LOW HITPOINT WARNING * * *
Enter note: smite/pain 3 turns in a row
Enter note: hard to win against that It was a potion of brilliance.
You feel clever all of a sudden. The orc priest closely misses you.
It was a potion of curing.
You feel better.
The orc priest invokes the aid of Beogh against you.
Beogh smites you!
You die...

#.#######........#..# #.## # #.#
###.....##.#..#######.### #.#
#.......##.#..##)........ #.#
#.#.......>.............. #.#
##.#.....#..#..##.########
##.####...#.####.##..##.# ####.<
##.....[.....# #.##..##.# #.....
....####...#.####o##..##)###.....
.#.###.......##.@......?.........
.#.# #................#..........
.#.# #................#..##......
)#.# #.#...#.##.#)###############
.#.# #.#...#.##.###
.#.###.##.##.#### .#....<....###
.###...##.## .# #.######


You could see an orc priest.

Vanquished Creatures
  A howler monkey (D:4)
  A hound (D:4)
  Jessica (D:3)
  2 worker ants
  4 adders
  An ooze (D:4)
  A dart slug (D:3)
  A worm (D:4)
  A leopard gecko (D:1)
  4 orcs
  A ball python (D:3)
  6 bats
  3 giant cockroaches
  10 goblins
  4 hobgoblins
  2 jackals (D:1)
  2 quokkas
  4 frilled lizards
  8 kobolds
  A quokka skeleton (D:3)
  7 rats
65 creatures vanquished.

Notes
Turn   | Place    | Note
-------+----------+-------------------------------------------
     0 | D:1      | Leszczynek the Demigod Wanderer began the quest for the Orb.
     0 | D:1      | Leszczynek set off with: a +2 spear, a scroll of teleportation, a +0 ring mail, a bread ration, a +0 dagger
     0 | D:1      | Reached XP level 1. HP: 17/17 MP: 3/3
     0 | D:1      | 15/17/14 (4/5/3)
   195 | D:1      | Reached skill level 2 in Polearms
   199 | D:1      | Reached XP level 2. HP: 22/24 MP: 5/5
   435 | D:2      | Reached XP level 3. HP: 25/29 MP: 6/6
   606 | D:2      | Reached skill level 3 in Polearms
   665 | D:2      | broad axe
   665 | D:2      | no way i'm not gonna use it
   828 | D:3      | Reached skill level 1 in Axes
   875 | D:3      | Noticed Jessica
   886 | D:3      | Killed Jessica
   886 | D:3      | Reached skill level 2 in Axes
   886 | D:3      | Reached XP level 4. HP: 36/36 MP: 7/7
  1047 | D:3      | Found a sacrificial altar of Ru.
  1047 | D:3      | Found a basalt altar of Yredelemnul.
  1047 | D:3      | Found a hide-covered altar of Uskayaw.
  1056 | D:3      | Found a blossoming altar of Fedhas.
  1056 | D:3      | Found an opulent altar of Gozag.
  1126 | D:4      | Reached skill level 3 in Axes
  1176 | D:4      | Reached XP level 5. HP: 37/41 MP: 8/8
  1473 | D:4      | HP: 3/41 [orc priest/divine providence (14)]
  1474 | D:4      | smite/pain 3 turns in a row
  1474 | D:4      | hard to win against that
  1475 | D:4      | Killed from afar by an orc priest

Vault maps used:
D:1:      ncdulo_smallfort
D:3:      minmay_overflow_temple_star_hex, uniq_jessica
D:4:      kb_forest_paths, nemelex_xobeh_ov_fountains_minmay, uniq_sigmund

Skill      XL: |  1  2  3  4 |
---------------+-------------+-----
Polearms       | 2 3 |  3.0
Axes           | 2 3 |  3.9
Fighting       | |  1.7
Armour         | |  1.7
Dodging        | |  1.0
Stealth        | |  1.7
Shields        | |  1.9
Evocations     | |  1.0

Action                   |  1- 3 |  4- 6 || total
-------------------------+-------+-------++-------
Melee: Spear             |    88 |       ||    88
       Broad axe         |    34 |    99 ||   133
Throw: Javelin           |       |     1 ||     1
 Abil: Evoke Berserk Rag |     1 |       ||     1
  Use: Potion            |       |     2 ||     2
 Stab: Sleeping          |     3 |       ||     3
  Eat: Chunk             |       |     3 ||     3
Armor: Ring mail         |    22 |       ||    22
       Chain mail        |    47 |    72 ||   119
Dodge: Dodged            |    44 |    36 ||    80
Block: Buckler           |       |     4 ||     4
